 Dungeon Crawl Stone Soup version 0.29.1-2-gbd0b4ee654 (webtiles) character file.

Game seed: 12176372397367623532

2688 jaham0 the Reanimator (level 9, -8/64 HPs)
             Began as a Demonspawn Necromancer on Nov 28, 2022.
             Was a Plaything of Xom.
             Mangled by a two-headed ogre
             ... wielding a +0 giant club
              (36 damage)
             ... on level 8 of the Dungeon on Nov 29, 2022.
             The game lasted 00:42:57 (8788 turns).

jaham0 the Reanimator (Demonspawn Necromancer)      Turns: 8788, Time: 00:42:58

Health: -8/64      AC:  8    Str: 10    XL:     9   Next: 38%
Magic:  2/19       EV: 13    Int: 20    God:    Xom [*.....]
Gold:   412        SH:  0    Dex: 13    Spells: 13/21 levels left

rFire   + . .      SeeInvis .   s - +3 quarterstaff of Diet Blood {protect, rF+}
rCold   . . .      Faith    .   (shield currently unavailable)
rNeg    + . .      Spirit   .   a - +0 robe
rPois   .          Reflect  .   (no helmet)
rElec   .          Harm     .   (no cloak)
rCorr   +          Rampage  .   h - +2 pair of gloves
Will    .....                   (no boots)
Stlth   ++........              (no amulet)
HPRegen 0.20/turn               u - ring of resist corrosion
MPRegen 0.16/turn               p - ring of positive energy

@: very slightly contaminated
A: thin metallic scales 2, ignite blood 1, demonic touch 2
a: Renounce Religion


You were on level 8 of the Dungeon.
You worshipped Xom.
You were a special plaything of Xom.
You visited 2 branches of the dungeon, and saw 9 of its levels.

You collected 412 gold pieces.

Inventory:

Hand Weapons
 l - a +2 dagger of electrocution
 s - the +3 quarterstaff of Diet Blood (weapon) {protect, rF+}
   (You found it on level 3 of the Dungeon)

   It grants its wielder temporary protection when it strikes (+7 to AC).
   rF:        It protects you from fire.
 x - a +4 spear
 D - a +4 whip of venom
Missiles
 i - 2 throwing nets
Armour
 a - a +0 robe (worn)
 h - a +2 pair of gloves (worn)
Magical Staves
 o - a staff of cold
 B - a staff of air
Jewellery
 g - a ring of fire
 p - a ring of positive energy (right hand)
 u - a ring of resist corrosion (left hand)
Wands
 r - a wand of flame (17)
 F - a wand of charming (8)
 G - a wand of light (10)
 I - a wand of roots (5)
Scrolls
 c - 4 scrolls of teleportation
 e - a scroll of enchant armour
 m - a scroll of poison
 n - 2 scrolls of amnesia
 t - 2 scrolls of immolation {unknown}
 v - a scroll of vulnerability
 w - a scroll of enchant weapon {unknown}
 y - 2 scrolls of noise {unknown}
 H - a scroll of blinking {unknown}
Potions
 b - a potion of might
 d - 2 potions of curing
 f - a potion of lignification {unknown}
 j - 2 potions of degeneration
 k - a potion of berserk rage {unknown}
 q - a potion of haste {unknown}
 z - a potion of cancellation {unknown}
 A - 3 potions of resistance
 C - a potion of flight {unknown}
 E - a potion of attraction {unknown}


   Skills:
 + Level 3.2 Fighting
 + Level 5.2 Staves
 + Level 4.0 Dodging
 + Level 3.0 Stealth
 + Level 0.5 Unarmed Combat
 + Level 6.9 Spellcasting
 + Level 8.4 Necromancy


You had 13 spell levels left.
You knew the following spells:

 Your Spells              Type           Power      Damage    Failure   Level
a - Necrotise             Necr           100%       1d9       1%          1
b - Vampiric Draining     Necr           40%        2d8       1%          3
c - Animate Dead          Necr           40%        N/A       3%          4

Your spell library contained the following spells:

 Spells                   Type           Power      Damage    Failure   Level
 Agony                    Necr           40%        N/A       9%          5
 Beastly Appendage        Tmut           12%        N/A       10%         1
 Wereblood                Tmut           6%         N/A       14%         2
 Confusing Touch          Hex            6%         N/A       28%         3
 Frozen Ramparts          Ice            12%        1d2       28%         3
 Spider Form              Tmut/Pois      6%         N/A       28%         3
 Ice Form                 Ice/Tmut       6%         N/A       67%         4
 Summon Ice Beast         Ice/Summ       6%         N/A       67%         4
 Yara's Violent Unravell  Hex/Tmut       3%         3d4       95%         5
 Enfeeble                 Hex            3%         N/A       100%        7


Dungeon Overview and Level Annotations

Branches:
Dungeon (8/15)             Temple (1/1) D:5
   Lair: D:8-11

Altars:
Ashenzari
Cheibriados
Dithmenos
Fedhas
Hepliaklqana
Kikubaaqudgha
Makhleb
Nemelex Xobeh
Okawaru
Qazlal
Ru
Sif Muna
Trog
Uskayaw
Vehumet
Wu Jian
Xom
Yredelemnul

Shops:
D:6 *

Annotations:
D:7 2 transporters, safid's ghost, novice MiHu
D:8 2 transporters, xian's ghost, novice DsBe


Innate Abilities, Weirdness & Mutations

You are mostly covered in thin metallic scales. (AC +3)
Your demonic aura sometimes causes spilled blood to erupt in flames.
Your touch may inflict irresistible damage on your foes.


Message History

Aiming: Vampiric Draining (safe; 1% risk of failure)
Press: ? - help, Shift-Dir - straight line, f/p - two-headed ogre
Aim: a two-headed ogre, wielding two +0 giant clubs (moderately wounded)
You draw life force from the two-headed ogre!
You feel life coursing into your body.
Casting: Vampiric Draining (safe; 1% risk of failure)
Confirm with . or Enter, or press ? or * to list all spells.
Aiming: Vampiric Draining (safe; 1% risk of failure)
Press: ? - help, Shift-Dir - straight line, f/p - two-headed ogre
Aim: a two-headed ogre, wielding two +0 giant clubs (heavily wounded)
You miscast Vampiric Draining.
You are very lightly contaminated with residual magic.
Nothing appears to happen.
The two-headed ogre closely misses you.
The two-headed ogre hits you with a +0 giant club!
Casting: Vampiric Draining (safe; 1% risk of failure)
Confirm with . or Enter, or press ? or * to list all spells.
Aiming: Vampiric Draining (safe; 1% risk of failure)
Press: ? - help, Shift-Dir - straight line, f/p - two-headed ogre
Aim: a two-headed ogre, wielding two +0 giant clubs (heavily wounded)
You draw life force from the two-headed ogre.
You feel life coursing into your body. The two-headed ogre barely misses you.
The two-headed ogre hits you with a +0 giant club!
You emit a cloud of colourful smoke!
Casting: Vampiric Draining (safe; 1% risk of failure)
Confirm with . or Enter, or press ? or * to list all spells.
Aiming: Vampiric Draining (safe; 1% risk of failure)
Press: ? - help, Shift-Dir - straight line, f/p - two-headed ogre
Aim: a two-headed ogre, wielding two +0 giant clubs (magical condensation, severely wounded)
You draw life force from the two-headed ogre!
You feel life coursing into your body.
Casting: Vampiric Draining (safe; 1% risk of failure)
Confirm with . or Enter, or press ? or * to list all spells.
You don't have enough magic to cast this spell.
Unknown command.
You completely miss the two-headed ogre.
The two-headed ogre is severely wounded.
The two-headed ogre hits you with a +0 giant club!!!
Ouch! That really hurt!
You die...
Xom cackles wildly!

©# #... ## ..#
..### # ©.[ ©...#
#.#..W#. ..#.#
##.#..Y. ##.#.#
.#..y#.#..#.#.#
.#...#.#..#.#.#
.#©......##.#.####
.###...###...§§§@#
...#####...#####O#
##.......#.# #§#
##........# #§#
##.#.###.# #.#
#.#.# #.# #.#
#.#.# #.. ..#
#.#.# #### ###
#.#.#


You could see a two-headed ogre.

Vanquished Creatures
  Eustachio (D:4)
  2 water moccasins (D:6)
  2 orc warriors (D:7)
  A sky beast (D:7)
  An ice beast (D:7)
  An ogre (D:6)
  A centaur (D:6)
  2 bullfrogs
  4 scorpions
  A necrophage (D:5)
  3 wights (D:7)
  A howler monkey (D:7)
  2 quasits (D:4)
  8 hounds
  4 orc priests
  2 gnoll boudas
  3 jellies
  4 iguanas
  2 orc wizards (D:5)
  18 gnolls
  6 adders
  2 shadow imps (D:4)
  7 white imps
  6 ufetubi
  2 worms
  4 dart slugs
  17 orcs
  5 bats
  8 endoplasms
  3 giant cockroaches
  13 goblins
  6 hobgoblins
  9 jackals
  9 kobolds
  3 quokkas
  10 ball pythons
  4 frilled lizards (D:3)
  3 rats (D:1)
180 creatures vanquished.

Vanquished Creatures (collateral kills)
  An ufetubus (D:4)
  2 goblins (D:1)
  4 jackals
  A quokka (D:1)
8 creatures vanquished.

Vanquished Creatures (others)
  4 orcs (D:7)
  3 demonic plants (D:4)
  A withered plant (D:6)
8 creatures vanquished.

Grand Total: 196 creatures vanquished

Notes
Turn   | Place    | Note
-------+----------+-------------------------------------------
     0 | D:1      | jaham0 the Demonspawn Necromancer began the quest for the
                  | Orb.
     0 | D:1      | Reached XP level 1. HP: 13/13 MP: 3/3
   103 | D:1      | Gained mutation: You are partially covered in thin metallic
                  | scales. (AC +2) [demonic ancestry]
   103 | D:1      | Reached XP level 2. HP: 1/19 MP: 0/5
   557 | D:1      | Reached skill level 5 in Necromancy
   593 | D:1      | Reached XP level 3. HP: 20/24 MP: 0/6
  2278 | D:2      | Gained mutation: Your touch may inflict minor irresistible
                  | damage on your foes. [demonic ancestry]
  2278 | D:2      | Reached XP level 4. HP: 30/30 MP: 5/7
  3301 | D:3      | Found a blossoming altar of Fedhas.
  3344 | D:3      | Identified the +3 quarterstaff of Diet Blood {protect, rF+}
  3699 | D:4      | Noticed a scorpion
  3786 | D:4      | Gained mutation: You are mostly covered in thin metallic
                  | scales. (AC +3) [demonic ancestry]
  3786 | D:4      | Reached XP level 5. HP: 30/35 MP: 3/10
  4009 | D:4      | Reached skill level 6 in Necromancy
  4098 | D:4      | Reached skill level 1 in Staves
  4098 | D:4      | Gained mutation: Your demonic aura sometimes causes spilled
                  | blood to erupt in flames. [demonic ancestry]
  4098 | D:4      | Reached XP level 6. HP: 37/42 MP: 10/12
  4410 | D:4      | Reached XP level 7. HP: 44/47 MP: 13/13
  4474 | D:4      | Learned a level 3 spell: Vampiric Draining
  4492 | D:4      | Noticed Eustachio
  4535 | D:4      | Killed Eustachio
  4536 | D:4      | Reached skill level 1 in Fighting
  5236 | D:5      | Entered Level 5 of the Dungeon
  5286 | D:5      | Found a staircase to the Ecumenical Temple.
  5325 | Temple   | Entered the Ecumenical Temple
  5597 | Temple   | Became a worshipper of Xom the Capricious
  5622 | D:5      | Found a burning altar of Makhleb.
  5889 | D:5      | XOM: divination: detect items
  5976 | D:5      | XOM: divination: detect creatures
  6347 | D:5      | XOM: silly message
  6481 | D:6      | Found a basalt altar of Yredelemnul.
  6500 | D:5      | Reached skill level 5 in Spellcasting
  6509 | D:6      | Reached XP level 8. HP: 38/54 MP: 15/15
  6509 | D:6      | XOM: silly message
  6521 | D:5      | Reached skill level 7 in Necromancy
  6586 | D:5      | XOM: silly message
  6824 | D:6      | XOM: potion effect (brilliance)
  6834 | D:6      | Learned a level 4 spell: Animate Dead
  6868 | D:6      | XOM: divination: detect creatures
  6952 | D:6      | Found Biaqidaf's Serpentskin Sales.
  7260 | D:6      | XOM: divination: detect items
  7435 | D:6      | XOM: confuse monster(s)
  7546 | D:6      | XOM: silly message
  7871 | D:7      | Gained mutation: Your touch may inflict irresistible damage
                  | on your foes. [demonic ancestry]
  7871 | D:7      | Reached XP level 9. HP: 52/62 MP: 6/18
  7911 | D:7      | XOM: 4-stop teleportation journey
  7928 | D:7      | Reached skill level 8 in Necromancy
  7994 | D:7      | Noticed safid's ghost (novice MiHu)
  7995 | D:7      | Noticed a troll
  8000 | D:7      | Found a transporter.
  8026 | D:7      | XOM: destruction
  8031 | D:7      | Reached skill level 5 in Staves
  8351 | D:7      | Found a transporter.
  8755 | D:8      | Found a transporter.
  8758 | D:8      | Noticed xian's ghost (novice DsBe)
  8758 | D:8      | Noticed a moth of wrath
  8774 | D:8      | Found a transporter.
  8778 | D:8      | Noticed a two-headed ogre
  8786 | D:8      | XOM: smoke on damage
  8788 | D:8      | Mangled by a two-headed ogre

Illustrated notes

Levels and vault maps discovered:
D:1:      kennysheep_arrival_forest, layout_basic
D:2:      layout_basic
D:3:      layout_loops_ring, fedhas_altar_4, nrook_uturn
D:4:      layout_loops_corners, serial_demonic, serial_demonic_a,
          serial_demonic_g, serial_demonic_a, serial_demonic_e,
          serial_demonic_d, serial_demonic_d, serial_demonic_b,
          serial_demonic_f, uniq_eustachio
D:5:      layout_basic, makhleb_heckhound_becter,
          minmay_temple_entry_butterflies, minmay_liquid_box, minivault_19,
          nicolae_elevator_lobby_plus
D:6:      minmay_chambers_of_threes, layout_cave_pools,
          yredelemnul_altar_generic, serial_column_ruins, column_ruins_hut,
          column_ruins_grid_1, column_ruins_open_medium,
          column_ruins_columns_straight, column_ruins_open_small,
          column_ruins_grid_1, guppyfry_shop_venom
D:7:      layout_basic, gammafunk_ghost_arena, minmay_crossroads
D:8:      layout_loops_ring, lemuel_round_altar,
          gammafunk_ghost_berserking_beasts, kennysheep_generic_room_9
Temple:   eino_narrow_crystal_temple

Skill      XL: |  1  2  3  4  5  6  7  8  9 |
---------------+----------------------------+-----
Necromancy     | 5 6 7 8 |  8.4
Dodging        | 2 3 4 |  4.0
Stealth        | 2 3 |  3.0
Spellcasting   | 3 4 5 6 |  6.9
Staves         | 1 2 3 4 5 |  5.2
Fighting       | 1 2 3 |  3.2
Unarmed Combat | |  0.5

Action                   |  1- 3 |  4- 6 |  7- 9 || total
-------------------------+-------+-------+-------++-------
Melee: Unarmed           |    49 |     1 |       ||    50
       Staff             |       |     6 |       ||     6
       Quarterstaff      |       |    97 |   247 ||   344
       Touch             |       |     2 |       ||     2
 Cast: Necrotise         |    70 |    79 |    90 ||   239
       Vampiric Draining |       |       |    23 ||    23
       Animate Dead      |       |       |     5 ||     5
  Use: Potion            |     2 |     1 |     2 ||     5
       Scroll            |       |     7 |     3 ||    10
 Stab: Sleeping          |       |       |     2 ||     2
       Confused          |       |       |     1 ||     1
Armor: Robe              |    36 |    92 |   174 ||   302
Dodge: Dodged            |    83 |   123 |   280 ||   486
